 Dungeon Crawl Stone Soup version 0.31.0-12-g77e489cdc1 (webtiles) character file.

Game seed: 14495514344681932618

234 Metae the Covered (level 5, 0/47 HPs)
             Began as a Minotaur Fighter on Feb 21, 2024.
             Slain by Pikel
             ... wielding a +2 whip of freezing
              (1 damage)
             ... on level 4 of the Dungeon.
             The game lasted 00:07:19 (2393 turns).

Metae the Covered (Minotaur Fighter)                Turns: 2393, Time: 00:07:20

Health: 0/47       AC:  7    Str: 22    XL:     5   Next: 75%
Magic:  4/4        EV: 10    Int:  5    God:
Gold:   194        SH:  4    Dex: 10    Spells: 4/4 levels left

rFire   . . .        o - +2 dagger (venom)
rCold   . . .        c - +0 buckler
rNeg    . . .        b - +0 scale mail
rPois   .            (helmet restricted)
rElec   .            (no cloak)
rCorr   .            (no gloves)
SInv    +            (no boots)
Will    +....        (no amulet) Stlth
                     e - ring of willpower
HPRegen 0.27/turn    h - ring of see invisible
MPRegen 0.09/turn

%: no passive effects
@: no status effects
A: horns 2, retaliatory headbutt
a: no special abilities


You were on level 4 of the Dungeon.
You visited 2 branches of the dungeon, and saw 5 of its levels.

You collected 194 gold pieces.

Inventory:

Hand Weapons
 a - a +0 trident
 o - a +2 dagger of venom (weapon)
Missiles
 m - 5 javelins (quivered)
Armour
 b - a +0 scale mail (worn)
 c - a +0 buckler (worn)
 w - a +0 pair of boots of stealth
Jewellery
 e - a ring of willpower (left hand)
 h - a ring of see invisible (right hand)
 t - an amulet of magic regeneration
Wands
 q - a wand of polymorph (10)
Scrolls
 f - a scroll of teleportation {unknown}
 g - 3 scrolls of amnesia {unknown}
 l - a scroll of immolation {unknown}
 n - a scroll of summoning {unknown}
 p - a scroll of torment {unknown}
 v - a scroll of blinking {unknown}
 x - a scroll of revelation {unknown}
Potions
 d - a potion of might
 i - a potion of heal wounds {unknown}
 j - a potion of resistance {unknown}
 k - a potion of cancellation {unknown}
 r - a potion of enlightenment {unknown}
 s - a potion of brilliance {unknown}
 u - a potion of degeneration {unknown}


   Skills:
 + Level 4.7 Fighting
 + Level 1.9 Short Blades
 - Level 3.0 Polearms
 + Level 4.8 Armour
 + Level 2.5 Dodging
 + Level 4.7 Shields


You had 4 spell levels left.
You didn't know any spells.
Your spell library was empty.

Dungeon Overview and Level Annotations

Branches:
Dungeon (4/15)             Temple (1/1) D:4

Altars:
Ashenzari
Dithmenos
Kikubaaqudgha
Okawaru
Trog
Vehumet
Wu Jian
Xom
Zin

Annotations:
D:4 Pikel
Temple 4 transporters


Innate Abilities, Weirdness & Mutations

You have a pair of horns on your head.
You reflexively headbutt those who attack you in melee.


Message History

Pikel is lightly wounded.
Pikel hits you with a +2 whip of freezing!
Pikel freezes you.
You closely miss Pikel.
Pikel is lightly wounded.
Pikel closely misses you.
You barely miss Pikel.
Pikel is lightly wounded.
You closely miss Pikel.
Pikel is lightly wounded.
Pikel hits you with a +2 whip of freezing!
Pikel freezes you.
* * * LOW HITPOINT WARNING * * *
You hit Pikel.
Pikel is lightly wounded.
Pikel completely misses you.
You hit Pikel.
Pikel is moderately wounded.
Pikel hits you with a +2 whip of freezing.
* * * LOW HITPOINT WARNING * * *
Pikel freezes you.
* * * LOW HITPOINT WARNING * * *
Pikel hits you with a +2 whip of freezing.
* * * LOW HITPOINT WARNING * * *
Pikel freezes you.
* * * LOW HITPOINT WARNING * * *
Okay, then.
Okay, then.
Pikel attacks as he pursues you! Pikel hits you but does no damage.
Pikel attacks as he pursues you!
Pikel hits you with a +2 whip of freezing.
* * * LOW HITPOINT WARNING * * *
Pikel freezes you.
* * * LOW HITPOINT WARNING * * *
Pikel attacks as he pursues you!
Pikel hits you with a +2 whip of freezing.
* * * LOW HITPOINT WARNING * * *
Pikel freezes you.
You die...
Pikel says, "See you in Hell!"

#.....# #5###
#.5.### ###.5.#
## ###5# ..
#.##### #.
#..._.#
#..#####K.##
###.....@...#
##.####.."..##
####
#.......###.#
....#..#..####
#..# ......
#...## ##.#
...).# #.#..##
.#
......###....#
##
..#...#...#..##
.
#.....#....####


You could see Pikel (poisoned).

Vanquished Creatures
  An ogre (D:4)
  A jelly (D:4)
  3 adders
  4 ribbon worms
  2 dart slugs (D:3)
  5 bats
  7 endoplasms
  A giant cockroach (D:1)
  7 goblins
  12 hobgoblins
  6 jackals
  9 kobolds
  5 quokkas
  4 ball pythons
  12 rats
79 creatures vanquished.

Notes
Turn   | Place    | Note
-------+----------+-------------------------------------------
     0 | D:1      | Metae the Minotaur Fighter began the quest for the Orb.
     0 | D:1      | Reached XP level 1. HP: 19/19 MP: 0/0
   107 | D:1      | Reached XP level 2. HP: 24/27 MP: 1/1
   207 | D:1      | Found a faded altar of an unknown god.
   239 | D:1      | Reached skill level 1 in Dodging
   375 | D:1      | Reached XP level 3. HP: 33/33 MP: 2/2
  1158 | D:2      | Reached XP level 4. HP: 40/40 MP: 3/3
  1773 | D:3      | Reached skill level 1 in Short Blades
  2275 | D:4      | Noticed an ogre
  2281 | D:4      | Killed an ogre
  2282 | D:4      | Reached XP level 5. HP: 47/47 MP: 4/4
  2304 | D:4      | Found a staircase to the Ecumenical Temple.
  2317 | Temple   | Found a transporter.
  2317 | Temple   | Found a transporter.
  2317 | Temple   | Found a transporter.
  2317 | Temple   | Found a transporter.
  2317 | Temple   | Entered the Ecumenical Temple
  2350 | D:4      | Found a shadowy altar of Dithmenos.
  2372 | D:4      | Found an ornate altar of the Wu Jian Council.
  2372 | D:4      | Noticed a lemure
  2372 | D:4      | Noticed Pikel
  2373 | D:4      | Noticed a lemure
  2375 | D:4      | Noticed a lemure
  2376 | D:4      | Noticed a lemure
  2393 | D:4      | HP: 1/47 [Pikel/+2 whip of freezing (3)]
  2393 | D:4      | Slain by Pikel

Illustrated notes

Levels and vault maps discovered:
D:1:      reono_arrival_mine, layout_loops_ring,
          ebering_ecumenical_altar_petrified
D:2:      minmay_chambers_of_twos, layout_basic, corexii_hall_statues_s,
          fountainhead
D:3:      layout_rooms, serial_aquarium, aquarium_bridge_long_separate
          [aquarium_subvault_bridge, aquarium_subvault_window,
          aquarium_subvault_balcony, aquarium_subvault_bridge,
          aquarium_subvault_bridge, aquarium_subvault_window],
          aquarium_bridge_square [aquarium_subvault_wall,
          aquarium_subvault_bridge, aquarium_subvault_bridge,
          aquarium_subvault_bridge], aquarium_window_1, aquarium_window_corner,
          aquarium_view_2c, aquarium_balcony_3a, st_stairs_2,
          chequers_serial_rivers_small_a, serial_bayou_lake_a
D:4:      layout_rooms, mainiacjoe_overflow_boulevard,
          overflow_temple_1_default, minmay_temple_entry_arrows,
          kennysheep_opposing_triangles, uniq_pikel
Temple:   hellmonk_temple_divided_pantheon

Skill      XL: |  1  2  3  4 |
---------------+-------------+-----
Dodging        | 1 2 |  2.5
Armour         | 4 |  4.8
Fighting       | 4 |  4.7
Polearms       | 3 |  3.0
Shields        | 4 |  4.7
Short Blades   | 1 |  1.9

Action                     |  1- 3 |  4- 6 || total
---------------------------+-------+-------++-------
  Melee: Trident           |    84 |       ||    84
         Headbutt          |    15 |    14 ||    29
         Dagger            |    17 |    89 ||   106
 Armour: Scale mail        |    51 |    26 ||    77
  Dodge: Dodged            |    32 |    31 ||    63
  Block: Buckler           |    27 |    12 ||    39
